 Dungeon Crawl Stone Soup version 0.17.0-9-g801d43b (webtiles) character file.

772 HungrySpirit the Ruffian (level 7, -10/52 HPs)
             Began as a White Draconian Transmuter on Nov 9, 2015.
             Was a Follower of Makhleb.
             Mangled by an ogre
             ... wielding a +0 giant spiked club
              (24 damage)
             ... on level 5 of the Dungeon.
             The game lasted 00:08:34 (5207 turns).

HungrySpirit the Ruffian (DrTm)                     Turns: 5207, Time: 00:08:34

Health: -10/52     AC:  7    Str: 14    XL:     7   Next: 53%
Magic:  12/12      EV: 15    Int: 13    God:    Makhleb [*.....]
Gold:   284        SH:  0    Dex: 12    Spells: 3 memorised, 6 levels left

rFire  . . .     SeeInvis .       - Unarmed
rCold  + . .     Clarity  .     (armour unavailable)
rNeg   + . .     SustAt   .     (no shield)
rPois  .         Gourm    .     (helmet restricted)
rElec  .         Spirit   .     k - +0 cloak
rCorr  .         Warding  +     (no gloves)
rMut   .         Stasis   .     (no boots)
MR     .....                    y - amulet of warding
Stlth  +.........               (no ring)
                                q - +3 ring of evasion

@: confused, lethally poisoned (-10 -> -12), not resistant to hostile
enchantments, very unstealthy
A: breathe frost, unfitting armour, cold resistance 1, cold-blooded, AC +6
a: Breathe Frost, Renounce Religion


You were on level 5 of the Dungeon.
You worshipped Makhleb.
Makhleb was aware of your devotion.
You were not hungry.

You visited 1 branch of the dungeon, and saw 5 of its levels.

You collected 284 gold pieces.

Inventory:

Missiles
 a - 43 arrows
Armour
 e - a +0 large shield
 k - a +0 cloak (worn)
Jewellery
 q - a +3 ring of evasion (left hand)
 y - an amulet of warding (around neck)
Wands
 f - a wand of flame (14)
 w - a wand of random effects (12)
Scrolls
 d - a scroll of enchant weapon
 g - 5 scrolls of identify
 i - 3 scrolls of fear {unknown}
 m - a scroll of enchant armour {unknown}
 p - a scroll of random uselessness {unknown}
 r - 2 scrolls of teleportation {unknown}
 x - a scroll of fog {unknown}
Potions
 c - a potion of flight
 h - 2 potions of lignification
 j - a potion of ambrosia
 n - a potion of heal wounds
 s - 2 potions of agility
 u - a potion of cure mutation
 z - a potion of haste
Books
 b - a book of Changes

   Spells                             Type                      Level
   a - Beastly Appendage              Transmutation                1
   b - Sticks to Snakes               Transmutation                2
   c - Spider Form                    Transmutation/Poison         3
   d - Ice Form                       Ice/Transmutation            4
   e - Blade Hands                    Transmutation                5
Comestibles
 l - 2 meat rations
 o - 3 fruits


   Skills:
 - Level 1.1 Fighting
 - Level 1.7 Dodging
 * Level 5.7 Unarmed Combat
 + Level 3.8 Spellcasting
 * Level 5.5 Transmutations
 + Level 2.7 Ice Magic


You had 6 spell levels left.
You knew the following spells:

 Your Spells              Type           Power        Failure   Level  Hunger
a - Beastly Appendage     Trmt           ###...       2%          1    #......
b - Sticks to Snakes      Trmt           ###.......   4%          2    ##.....
c - Ice Form              Ice/Trmt       ##......     38%         4    #####..


Dungeon Overview and Level Annotations

Branches:
Dungeon (5/15)
 Temple: D:4-7

Altars:
Cheibriados
Elyvilon
Makhleb
Nemelex Xobeh
Vehumet
Zin
The Shining One

Annotations:
D:5 Edmund, Sigmund


Innate Abilities, Weirdness & Mutations

You can breathe waves of freezing cold.
You can buffet flying creatures when you breathe cold.
Your icy white scales are hard (AC +6).
Your body does not fit into most forms of armour.
Your flesh is cold resistant.
You are cold-blooded and may be slowed by cold attacks.


Message History

You're too confused to move!
You feel sick. The ogre completely misses you.
The giant gecko completely misses you.
Sigmund zaps a wand.
You resist with some effort.
You feel sick.
You feel sick. The giant gecko barely misses you.
You bump into the rock wall.
You feel sick. The giant gecko closely misses you. The ogre barely misses you.
The giant gecko misses you.
You bump into the rock wall.
You feel sick. The centaur skeleton misses you. The ogre barely misses you.
The centaur skeleton hits you. The giant gecko barely misses you.
You hit the giant gecko.
Your tail-slap misses the giant gecko.
The giant gecko is moderately wounded.
The centaur skeleton misses you. The giant gecko closely misses you.
You feel sick.
You bump into the rock wall.
The ogre hits you with a giant spiked club!!
* * * LOW HITPOINT WARNING * * *
You're too confused to move!
You feel sick.
The ogre hits you with a giant spiked club!!
You die...

####### #.# #.##.# .
####.# ##.##.#####..
#....# #............
#####.#### #.........#
##...#.# #.........#
#......#####
#.........#
#.....[.<..#
#.......#.#
#.....####.####@.....##
#. ##..))##
##..@Ol....## #.. #
##.#..##
#####Z.....###.# #
#.#...+ #.......#.# #
#.#(..+
######.#...###.# #
#.#.###
#..........>.... #
#.#.## #...........## #
##....####
#.###..###...#
#####...#..... #(.....#
..........# #..###...#


You could see Edmund, an ogre, a giant gecko and a centaur skeleton.

Vanquished Creatures
  Eustachio (D:5)
  A jelly (D:5)
  2 scorpions
  An orc priest (D:4)
  2 hounds
  4 orc wizards
  A giant frog skeleton (D:5)
  2 worker ants (D:4)
  A hound skeleton (D:4)
  6 adders
  An adder skeleton (D:4)
  A worm (D:2)
  7 giant geckos
  14 orcs
  6 giant cockroaches
  7 hobgoblins
  5 jackals
  5 kobolds (D:1)
  A ball python (D:2)
  5 bats
  3 giant newts (D:1)
  6 goblins
  4 quokkas
  12 rats
98 creatures vanquished.

Vanquished Creatures (collateral kills)
  A crimson imp (D:4)
  A gnoll (D:3)
2 creatures vanquished.

Grand Total: 100 creatures vanquished

Notes
Turn   | Place    | Note
--------------------------------------------------------------
     0 | D:1      | HungrySpirit the Draconian Transmuter began the quest for the Orb.
     0 | D:1      | Reached XP level 1. HP: 16/16 MP: 3/3
   413 | D:1      | Reached XP level 2. HP: 17/23 MP: 3/5
   903 | D:1      | Reached XP level 3. HP: 14/28 MP: 4/6
  1307 | D:1      | Learned a level 2 spell: Sticks to Snakes
  1781 | D:2      | Reached XP level 4. HP: 33/35 MP: 6/8
  1908 | D:2      | Found a glowing silver altar of Zin.
  1908 | D:2      | Found a glowing golden altar of the Shining One.
  1909 | D:2      | Found a white marble altar of Elyvilon.
  2015 | D:2      | Found a burning altar of Makhleb.
  2038 | D:2      | Became a worshipper of Makhleb the Destroyer
  2304 | D:3      | Found a snail-covered altar of Cheibriados.
  2574 | D:3      | Found a radiant altar of Vehumet.
  2739 | D:3      | Learned a level 4 spell: Ice Form
  2994 | D:3      | Reached XP level 5. HP: 40/40 MP: 3/9
  3050 | D:4      | Reached skill level 4 in Unarmed Combat
  3602 | D:4      | Reached * piety under Makhleb
  3602 | D:4      | Reached skill level 1 in Ice Magic
  3602 | D:4      | Reached XP level 6. HP: 14/47 MP: 10/10
  4111 | D:4      | Reached skill level 5 in Unarmed Combat
  4322 | D:4      | Found a sparkling altar of Nemelex Xobeh.
  4504 | D:5      | Entered Level 5 of the Dungeon
  4504 | D:5      | Noticed Eustachio
  4542 | D:5      | Killed Eustachio
  4542 | D:5      | Reached skill level 5 in Transmutations
  4542 | D:5      | Your scales start taking on an icy white colour.
  4542 | D:5      | Gained mutation: Your flesh is cold resistant. [White Draconian growth]
  4542 | D:5      | Reached XP level 7. HP: 52/52 MP: 2/12
  5187 | D:5      | Noticed Sigmund
  5197 | D:5      | Noticed Edmund
  5207 | D:5      | Mangled by an ogre

Action                   |  1- 3 |  4- 6 |  7- 9 || total
-------------------------+-------+-------+-------++-------
Melee: Unarmed           |   163 |   292 |    32 ||   487
 Cast: Beastly Appendage |    18 |    25 |     3 ||    46
       Sticks to Snakes  |       |    14 |       ||    14
 Abil: Breathe Frost     |       |       |     1 ||     1
  Use: Potion            |       |     7 |     1 ||     8
       Scroll            |       |     4 |       ||     4
 Stab: Distracted        |       |     2 |       ||     2
       Sleeping          |       |     1 |       ||     1
  Eat: Chunk             |     1 |     8 |       ||     9
       Bread ration      |     1 |       |     1 ||     2
       Pizza             |       |       |     1 ||     1
